 Dungeon Crawl Stone Soup version 0.25-a0-420-g1cc7eeb0d1 (webtiles) character file.

Game seed: 3764184174404892871, levelgen mode: deterministic

21 Kohma the Skirmisher (level 2, 0/27 HPs)
             Began as a Hill Orc Abyssal Knight on Jan 18, 2020.
             Was a Follower of Lugonu.
             Slain by an adder (4 damage)
             ... on level 2 of the Dungeon.
             The game lasted 00:02:39 (1403 turns).

Kohma the Skirmisher (Hill Orc Abyssal Knight)      Turns: 1403, Time: 00:02:40

Health: 0/27       AC:  3    Str: 14    XL:     2   Next: 87%
Magic:  4/4        EV: 16    Int: 12    God:    Lugonu [*.....]
Gold:   3          SH:  0    Dex: 15    Spells: 1/1 levels left

rFire    . . .     SeeInvis .   a - +1 hand axe
rCold    . . .     Gourm    .   (no shield)
rNeg     . . .     Faith    .   b - +0 leather armour
rPois    .         Spirit   .   (no helmet)
rElec    .         Reflect  .   (no cloak)
rCorr    .         Harm     .   (no gloves)
MR       .....                  (no boots)
Stlth    ++........             (no amulet)
HPRegen  0.09/turn              (no ring)
MPRegen  0.09/turn              (no ring)

@: agile, lethally poisoned (0 -> -10)
A: no striking features
a: Depart the Abyss, Renounce Religion


You were on level 2 of the Dungeon.
You worshipped Lugonu.
Lugonu was aware of your devotion.
You were very hungry.

You visited 1 branch of the dungeon, and saw 2 of its levels.
You visited the Abyss 1 time.

You collected 3 gold pieces.

Inventory:

Hand Weapons
 a - a +1 hand axe (weapon)
 e - a +0 hunting sling
Missiles
 h - 14 poisoned darts (quivered)
Armour
 b - a +0 leather armour (worn)
Scrolls
 f - 2 scrolls of teleportation {unknown}
 i - a scroll of remove curse {unknown}
 l - a scroll of blinking {unknown}
Potions
 d - a potion of agility
 g - 3 potions of curing {unknown}
 j - a potion of lignification {unknown}
 k - a potion of cancellation {unknown}
Comestibles
 c - 4 rations


   Skills:
 + Level 3.9 Fighting
 + Level 3.1 Axes
 + Level 2.5 Armour
 + Level 1.1 Dodging
 + Level 2.8 Invocations


You had one spell level left.
You didn't know any spells.
Your spell library was empty.

Dungeon Overview and Level Annotations

Branches:
Dungeon (2/15)

Altars:
Hepliaklqana


Message History

You feel sick. The adder bites you. The adder bites you but does no damage.
You hit the adder.
The adder is moderately wounded.
You feel sick. The adder bites you but does no damage.
The adder closely misses you.
You closely miss the adder.
The adder is moderately wounded.
The adder bites you but does no damage.
You miss the adder.
The adder is moderately wounded.
You feel sick. The adder bites you.
* * * LOW HITPOINT WARNING * * *
You are lethally poisoned!
The adder poisons you! The adder barely misses you.
Okay, then.
It was a potion of agility.
You feel agile all of a sudden.
* * * LOW HITPOINT WARNING * * *
You feel sick. The adder bites you.
You die...

.. # #.# # #. #.#
.# #.###.#. ..#
...#.#..#### #..#
#.#.#.#...K #...#
#...##....S#....#
#...#######@...#
#.#...........##
#.######.....##
#.# ####### #.#
###.# #...# #.###
#.#


You could see an adder and a kobold.

Vanquished Creatures
  A leopard gecko (D:1)
  5 bats
  3 goblins (D:1)
  2 ball pythons (D:1)
  3 frilled lizards
  4 kobolds
  2 rats (D:1)
20 creatures vanquished.

Notes
Turn   | Place    | Note
-------+----------+-------------------------------------------
     0 | Abyss:1  | Kohma the Hill Orc Abyssal Knight began the quest for the
                  | Orb.
     0 | Abyss:1  | Reached XP level 1. HP: 19/19 MP: 2/2
     1 | Abyss:1  | Found a corrupted altar of Lugonu.
    11 | Abyss:2  | Noticed an apocalypse crab
    15 | D:1      | Escaped the Abyss
   414 | D:1      | Reached * piety under Lugonu
   547 | D:1      | Reached skill level 1 in Dodging
   547 | D:1      | Reached XP level 2. HP: 27/27 MP: 3/3
  1252 | D:2      | Found a hazy altar of Hepliaklqana.
  1403 | D:2      | Slain by an adder

Levels and vault maps discovered:
D:1:      elethiomel_arrival_quiet, layout_basic
D:2:      layout_loops_cross, yredelemnul_altar_generic,
          nicolae_overflow_crystal_walls, first_ration,
          minmay_misc_feat_ornament, minmay_3d_cube

Skill      XL: |  1  2 |
---------------+-------+-----
Dodging        | 1 |  1.1
Axes           | 3 |  3.1
Fighting       | |  3.9
Armour         | |  2.5
Invocations    | |  2.8

Action                   || total
-------------------------++-------
Melee: Hand axe          ||    73
Invok: Depart the Abyss  ||     1
  Use: Potion            ||     1
Armor: Leather armour    ||    40
Dodge: Dodged            ||    66

Table legend:
 A = Non-vault XP
 B = Vault XP
 C = Vault XP percentage of total XP
 D = Non-vault monster count
 E = Vault monster count
 F = Vault count percentage of total count
                 A         B        C        D         E       F
            +---------+---------+-------+---------+---------+-------
      Total |      31 |       0 |   0.0 |      20 |       0 |   0.0
            +---------+---------+-------+---------+---------+-------
        D:1 |      24 |       0 |   0.0 |      16 |       0 |   0.0
        D:2 |       7 |       0 |   0.0 |       4 |       0 |   0.0
            +---------+---------+-------+---------+---------+-------
